Map: Ice and Chrome LE

Players

NXZ - Winner!

  • Race: Zerg Zerg
  • Spawn Location: 7:00

RiSky

  • Race: Zerg Zerg
  • Spawn Location: 1:00

Event: DreamHack SC2 Masters 2020 Summer Oceania RoA

VOD

Have the link to the VOD?

Description

Time

  • Played on: June 25, 2020, 4:15 a.m.
  • Length: 9:58

All games in this series

Show
View Real Time Build Order
Export as new Build Order

NXZ Zerg - Winner!

Build Orders: Hatch First 

Get SALT Encoding   

  12  0:00  Drone  
  13  0:12  Overlord  
  13  0:17  Drone  
  14  0:31  Drone x2  
  16  0:48  Hatchery  
  15  0:51  Drone  
  15  0:55  Drone  
  17  0:58  Drone  
  18  1:09  Extractor  
  17  1:13  Spawning Pool  
  17  1:16  Drone  
  17  1:19  Drone  
  18  1:28  Drone  
  19  1:39  Drone  
  20  1:49  Drone  
  21  2:00  Queen x2  
  21  2:01  Overlord, Zergling x2  
  26  2:09  Metabolic Boost  
  26  2:11  Drone x2  
  28  2:21  Drone  
  28  2:22  Drone  
  30  2:34  Zergling x2  
  30  2:35  Hatchery  
  30  2:37  Drone  
  31  2:43  Drone  
  31  2:44  Drone  
  33  2:53  Baneling Nest  
  33  2:55  Overlord  
  33  2:57  Drone  
  32  3:05  Drone  
  32  3:12  Drone x2  
  35  3:16  Drone x5  
  40  3:21  Zergling x2  
  40  3:25  Zergling x2  
  42  3:33  Zergling x2  
  43  3:36  Overlord  
  43  3:39  Baneling x2  
  43  3:44  Baneling x3  
  43  3:45  Zergling x2  
  43  3:46  Queen  
  43  3:47  Zergling x4  
  47  3:52  Evolution Chamber  
  47  3:53  Zergling x2  
  47  3:55  Zergling x2  
  47  3:56  Zergling x4  
  47  4:00  Zergling x2  
  50  4:04  Zergling x4  
  52  4:11  Zergling x4  
  54  4:20  Lair  
  54  4:21  Zergling x8  
  58  4:24  Extractor  
  58  4:27  Roach Warren  
  58  4:28  Drone x2  
  58  4:29  Overlord  
  58  4:36  Overlord  
  58  4:43  Drone  
  56  5:00  Baneling x2, Extractor  
  56  5:02  Zerg Missile Weapons Level 1  
  56  5:04  Drone x5  
  55  5:10  Roach  
  55  5:11  Roach  
  59  5:15  Drone x6  
  59  5:17  Drone  
  59  5:20  Overlord  
  63  5:31  Roach x5  
  67  5:38  Drone x7  
  67  5:39  Extractor x2  
  67  5:41  Drone  
  72  5:44  Glial Reconstitution  
  72  5:45  Overlord  
  72  5:49  Drone  
  73  5:51  Drone  
  74  5:57  Overlord  
  74  6:00  Overlord  
  74  6:04  Roach  
  74  6:05  Roach  
  74  6:06  Roach  
  74  6:07  Roach x4  
  74  6:08  Overlord x2  
  88  6:14  Overlord  
  88  6:15  Overlord  
  88  6:16  Roach  
  88  6:17  Roach  
  92  6:22  Nydus Network  
  92  6:23  Roach  
  95  6:25  Roach  
  95  6:29  Roach  
  95  6:30  Roach  
  99  6:34  Roach  
  99  6:36  Roach x2  
  107  6:40  Roach  
  107  6:41  Roach  
  107  6:43  Roach  
  107  6:46  Roach  
  113  6:48  Roach  
  113  6:50  Roach  
  113  6:54  Roach x2  
  119  6:58  Nydus Canal  
  119  7:00  Roach x2  
  125  7:02  Roach  
  125  7:08  Roach x3  
  123  7:19  Roach x2  
  123  7:20  Roach x3  
  127  7:23  Nydus Canal  
  127  7:27  Roach x3  
  125  7:30  Roach  
  125  7:33  Roach x2  
  125  7:36  Roach  
  115  7:41  Roach  
  115  7:42  Roach x2  
  119  7:46  Roach x2  
  119  7:50  Roach x2  
  125  7:52  Nydus Canal  
  125  7:55  Roach  
  125  7:56  Roach  
  127  7:58  Roach  
  127  8:03  Roach x2  
  123  8:08  Roach x3  
  123  8:10  Roach  
  115  8:14  Roach  
  115  8:15  Roach  
  115  8:18  Roach  
  109  8:20  Roach  
  109  8:22  Roach  
  101  8:27  Roach x2  
  101  8:29  Roach  
  101  8:31  Roach  
  101  8:34  Roach x2  
  107  8:38  Roach x2  
  107  8:41  Roach  
  101  8:44  Roach  
  101  8:45  Roach  
  101  8:48  Roach  
  95  8:59  Roach  
  95  9:00  Roach x5  
  101  9:07  Roach x3  
  101  9:09  Roach  
  105  9:12  Nydus Canal  
  105  9:14  Roach  
  105  9:16  Roach  
  105  9:20  Roach x2  
  109  9:27  Roach x3  
  109  9:28  Roach  
  109  9:30  Roach  
  119  9:34  Roach x2  
  119  9:37  Roach  
Show
View Real Time Build Order
Export as new Build Order

RiSky Zerg 

Build Orders: Hatch First 

Get SALT Encoding   

  12  0:00  Drone  
  13  0:12  Overlord  
  13  0:17  Drone  
  14  0:31  Drone x2  
  16  0:47  Hatchery  
  15  0:51  Drone  
  15  0:55  Drone  
  17  0:58  Drone  
  18  1:09  Extractor  
  17  1:14  Spawning Pool  
  17  1:16  Drone  
  17  1:19  Drone  
  18  1:28  Drone  
  19  1:39  Drone  
  20  1:49  Overlord  
  20  2:00  Queen x2  
  24  2:01  Zergling x4  
  26  2:09  Metabolic Boost  
  26  2:13  Drone x2  
  28  2:21  Drone  
  29  2:33  Hatchery  
  29  2:35  Drone  
  29  2:40  Baneling Nest  
  29  2:43  Drone  
  29  2:44  Drone  
  29  2:47  Drone  
  29  2:50  Drone  
  32  2:55  Overlord  
  31  3:01  Zergling x2  
  32  3:06  Zergling x4  
  32  3:11  Drone  
  35  3:13  Drone  
  35  3:15  Drone  
  35  3:16  Zergling x6  
  40  3:21  Drone  
  40  3:23  Evolution Chamber  
  40  3:26  Overlord  
  40  3:31  Baneling x3  
  40  3:32  Drone  
  40  3:33  Zergling x2  
  42  3:42  Zergling x2  
  42  3:44  Drone x2  
  45  3:49  Drone x2  
  45  3:50  Drone  
  45  3:53  Zerg Missile Weapons Level 1  
  45  3:54  Drone  
  49  3:55  Drone  
  49  3:58  Drone  
  49  4:02  Overlord  
  51  4:04  Drone  
  51  4:05  Drone  
  51  4:09  Drone  
  54  4:12  Drone  
  54  4:14  Drone  
  54  4:16  Extractor  
  55  4:19  Roach Warren  
  55  4:20  Drone x2  
  55  4:23  Drone  
  57  4:24  Overlord  
  57  4:26  Drone x2  
  57  4:30  Overlord  
  59  4:34  Zergling x6  
  59  4:38  Zergling x4  
  64  4:41  Zergling x2  
  61  4:45  Zergling x2  
  61  4:46  Zergling x6  
  63  4:54  Drone x3  
  63  4:58  Extractor  
  63  5:00  Drone x2  
  63  5:01  Drone  
  63  5:03  Lair  
  63  5:04  Drone x2  
  68  5:11  Queen  
  68  5:13  Drone x2  
  72  5:15  Overlord  
  70  5:24  Overlord  
  70  5:25  Drone, Overlord  
  70  5:27  Drone  
  70  5:28  Overlord  
  66  5:34  Roach x3  
  69  5:36  Drone  
  69  5:37  Drone  
  69  5:42  Roach x2  
  74  5:43  Roach  
  74  5:46  Drone  
  74  5:48  Roach  
  79  5:53  Spine Crawler  
  79  5:54  Roach  
  79  5:55  Extractor  
  78  5:57  Roach  
  78  5:59  Roach  
  82  6:05  Roach x6  
  82  6:09  Roach  
  96  6:11  Overseer  
  96  6:13  Roach x2  
  96  6:18  Overlord  
  100  6:22  Glial Reconstitution  
  100  6:23  Overlord  
  102  6:25  Roach  
  102  6:26  Roach  
  102  6:28  Roach  
  102  6:31  Drone x2  
  102  6:32  Overlord  
  108  6:33  Drone x2  
  108  6:34  Drone  
  108  6:35  Roach  
  108  6:38  Roach x2  
  108  6:39  Roach  
  119  6:41  Roach, Extractor  
  124  6:47  Roach x2  
  124  6:51  Overlord, Spine Crawler  
  123  6:56  Overlord  
  123  6:59  Roach  
  123  7:00  Zerg Missile Weapons Level 2  
  125  7:07  Roach  
  125  7:08  Roach x2  
  125  7:12  Roach x2  
  123  7:18  Roach x2  
  123  7:20  Roach  
  125  7:24  Roach x2  
  125  7:29  Roach  
  113  7:34  Roach x4  
  110  7:40  Roach  
  112  7:47  Roach  
  112  7:48  Roach x2  
  116  7:53  Roach x2  
  106  7:59  Roach x2  
  106  8:00  Queen x2  
  98  8:08  Roach x3  
  98  8:09  Roach  
  89  8:14  Roach  
  89  8:15  Roach  
  89  8:17  Roach  
  81  8:23  Roach  
  81  8:26  Roach  
  79  8:29  Roach  
  71  8:36  Roach x2  
  71  8:38  Roach  
  71  8:39  Roach  
  73  8:43  Roach  
  69  8:51  Roach x2  
  69  8:54  Roach  
  65  9:03  Roach x2  
  65  9:05  Roach  
  65  9:08  Roach  
  71  9:14  Roach x2  
  71  9:18  Roach  
  71  9:20  Roach  
  75  9:24  Roach  
  75  9:27  Roach  
  77  9:36  Roach x3  
Tags
 
Add a new tag
Caveats
  • Supply blocks, unpowered buildings, or Contaminate may cause inaccurate times.
  • Supply counts are checked every 10 seconds.